 Dungeon Crawl Stone Soup version 0.23-a0-54-gae6112e (webtiles) character file.

71798 Amnesiac the Zephyrmancer (level 14, -17/105 HPs)
             Began as a Mummy Air Elementalist on Aug 8, 2018.
             Was a High Priest of Sif Muna.
             Demolished by an azure jelly (19 damage)
             ... on level 5 of the Lair of Beasts.
             The game lasted 01:10:14 (32046 turns).

Amnesiac the Zephyrmancer (Mummy Air Elementalist) Turns: 32046, Time: 01:10:15

Health: -17/105    AC: 12    Str: 11    XL:     14   Next: 99%
Magic:  0/32       EV: 17    Int: 19    God:    Sif Muna [*****.]
Gold:   2587       SH:  0    Dex: 13    Spells: 18/41 levels left

rFire    + . .     SeeInvis .   a - +5 scimitar (freeze)
rCold    + . .     Gourm    .   (no shield)
rNeg     + + +     Faith    .   F - +3 leather armour {rF+}
rPois    ∞         Spirit   +   r - +1 helmet
rElec    .         Reflect  .   e - +0 cloak
rCorr    .         Harm     .   d - +1 pair of gloves
MR       +....                  p - +0 pair of boots
Stlth    ++........             n - amulet of guardian spirit
HPRegen  0.27/turn              i - ring of protection from fire
MPRegen  0.23/turn              (no ring)

@: no casting, deflect missiles
A: no food or potions, fire vulnerability, cold resistance 1, negative energy
resistance 3, torment resistance, unbreathing, in touch with death 1
a: Stop Divine Energy, Channel Magic, Forget Spell, Renounce Religion


You were on level 5 of the Lair of Beasts.
You worshipped Sif Muna.
Sif Muna was extremely pleased with you.
You were not hungry.

You visited 5 branches of the dungeon, and saw 24 of its levels.
You also visited: Labyrinth, Sewer and Volcano.

You collected 2587 gold pieces.

Inventory:

Hand Weapons
 a - a +5 scimitar of freezing (weapon)
 b - a +0 blowgun
 E - the +7 dagger of Plog {pierce, rPois rF+ rC+}
   (You found it in a volcano)

   It inflicts extra damage upon your enemies.
   It protects you from fire.
   It protects you from cold.
   It protects you from poison.
Missiles
 o - 37 poisoned needles
Armour
 d - a +1 pair of gloves (worn)
 e - a +0 cloak (worn)
 p - a +0 pair of boots (worn)
 r - a +1 helmet (worn)
 y - a +0 troll leather armour
 C - a +3 ring mail of fire resistance
 F - a +3 leather armour of fire resistance (worn)
Jewellery
 c - an uncursed ring of see invisible
 i - a ring of protection from fire (left hand)
 l - an uncursed ring of teleportation
 n - an amulet of guardian spirit (around neck)
 w - an uncursed ring of wizardry
 z - an uncursed ring of protection from fire
 J - a +5 amulet of reflection
Wands
 j - a wand of polymorph (16)
 s - a wand of random effects (80)
 v - a wand of iceblast (25)
 A - a wand of flame (32)
 I - a wand of clouds (4)
Scrolls
 f - 5 scrolls of identify {!r}
 h - 4 scrolls of remove curse {!r}
 k - 3 scrolls of magic mapping {!r}
 m - a scroll of enchant armour {!r}
 q - 3 scrolls of vulnerability {!r}
 t - 3 scrolls of amnesia {!r}
 u - 4 scrolls of fear {!r}
 x - a scroll of immolation {!r}
Miscellaneous
 B - a lamp of fire


   Skills:
 - Level 8.0 Fighting
 - Level 9.2 Dodging
 - Level 1.5 Stealth
 - Level 14.0 Spellcasting
 + Level 6.3 Conjurations
 - Level 14.1 Air Magic
 - Level 8.0 Invocations


You had 18 spell levels left.
You knew the following spells:

 Your Spells              Type           Power        Failure   Level  Hunger
a - Airstrike             Air            ######....   1%          4    N/A
b - Shock                 Conj/Air       ####         1%          1    N/A
c - Summon Butterflies    Summ           ##......     6%          1    N/A
d - Lightning Bolt        Conj/Air       ######....   2%          5    N/A
e - Swiftness             Chrm/Air       #####...     1%          2    N/A
f - Summon Lightning Spi  Summ/Air       #####...     3%          4    N/A
z - Deflect Missiles      Chrm/Air       #####.....   50%         6    N/A

Your spell library contained the following spells:

 Spells                   Type           Power        Failure   Level  Hunger
 Magic Dart               Conj           ####         1%          1    N/A
 Apportation              Tloc           ##....       6%          1    N/A
 Confuse                  Hex            ##......     19%         3    N/A
 Summon Small Mammal      Summ           ##..         6%          1    N/A
 Lehudib's Crystal Spear  Conj/Erth      ####......   100%        8    N/A
 Fire Storm               Conj/Fire      ####......   100%        9    N/A
 Iskenderun's Mystic Bla  Conj           #####...     4%          4    N/A
 Animate Dead             Necr           N/A          54%         4    N/A
 Pain                     Necr           ###.         6%          1    N/A
 Animate Skeleton         Necr           N/A          6%          1    N/A
 Vampiric Draining        Necr           ###.......   19%         3    N/A
 Summon Ice Beast         Ice/Summ       ##......     54%         4    N/A
 Regeneration             Chrm/Necr      ###.......   19%         3    N/A
 Tukima's Dance           Hex            ##......     19%         3    N/A
 Recall                   Summ/Tloc      N/A          19%         3    N/A
 Spider Form              Tmut/Pois      ##........   19%         3    N/A
 Blade Hands              Tmut           ##........   87%         5    N/A
 Ice Form                 Ice/Tmut       ##......     54%         4    N/A
 Glaciate                 Conj/Ice       ####......   100%        9    N/A
 Shadow Creatures         Summ           N/A          100%        6    N/A
 Confusing Touch          Hex            ##....       6%          1    N/A
 Sticks to Snakes         Tmut           ##......     10%         2    N/A
 Ensorcelled Hibernation  Hex/Ice        ##....       10%         2    N/A
 Metabolic Englaciation   Hex/Ice        ##........   87%         5    N/A
 Silence                  Hex/Air        #####.....   10%         5    N/A
 Dispersal                Tloc           ##........   100%        6    N/A
 Static Discharge         Conj/Air       ######..     1%          3    N/A
 Corona                   Hex            ##.....      6%          1    N/A
 Conjure Ball Lightning   Conj/Air       ######....   14%         6    N/A
 Petrify                  Tmut/Erth      ##......     54%         4    N/A
 Malign Gateway           Summ/Tloc      ##........   100%        7    N/A
 Tornado                  Air            ######....   100%        9    N/A
 Darkness                 Hex            ##........   100%        6    N/A
 Beastly Appendage        Tmut           ##....       6%          1    N/A
 Fulminant Prism          Conj/Hex       ####......   17%         4    N/A
 Dazzling Spray           Conj/Hex       ####..       5%          3    N/A
 Force Lance              Conj/Tloc      ####....     17%         4    N/A
 Searing Ray              Conj           #####.       1%          2    N/A
 Summon Guardian Golem    Hex/Summ       ##......     19%         3    N/A
 Summon Mana Viper        Hex/Summ       ##......     87%         5    N/A
 Irradiate                Conj/Tmut      ####......   43%         5    N/A
 Borgnjor's Vile Clutch   Necr/Erth      ###.......   87%         5    N/A

Dungeon Overview and Level Annotations

Branches:
Dungeon (14/15)            Temple (1/1) D:5            Lair (6/6) D:11
 Shoals (0/4) Lair:2        Snake (0/4) Lair:3        Slime (1/5) Lair:5
    Orc (2/2) D:12            Elf (0/3) Orc:2
 Vaults: D:13-14

Altars:
Ashenzari
Cheibriados
Dithmenos
Elyvilon
Fedhas
Gozag
Hepliaklqana
Kikubaaqudgha
Makhleb
Nemelex Xobeh
Okawaru
Qazlal
Ru
Sif Muna
Trog
Uskayaw
Vehumet
Wu Jian
Xom
Yredelemnul
Zin
The Shining One
Jiyva

Shops:
D:8 ?*   D:10 :   Orc:1 (   Orc:2 :(:%

Annotations:
D:8 gold mine
D:10 1 runed door, dig and airstrike
D:13 Rupert


Innate Abilities, Weirdness & Mutations

You do not eat or drink.
Your flesh is vulnerable to fire.
You are immune to poison.
Your flesh is cold resistant. (rC+)
You are immune to negative energy. (rN+++)
You are immune to unholy pain and torment.
You can survive without breathing.
You are in touch with the powers of death.


Message History

The azure jelly resists.
The azure jelly is heavily wounded.
The azure jelly hits you but does no damage.
The azure jelly hits you. The azure jelly freezes you!! You resist.
The azure jelly closely misses you. The azure jelly misses you.
Casting: Lightning Bolt (safe; 2% risk of failure)
Confirm with . or Enter, or press ? or * to list all spells.
Aiming: Lightning Bolt (safe; 2% risk of failure)
Press: ? - help, Shift-Dir - straight line You hear a mighty clap of thunder!
The bolt of lightning hits the azure jelly.
The azure jelly resists.
The azure jelly is heavily wounded.
The bolt of lightning hits the azure jelly.
The azure jelly completely resists.
The azure jelly is heavily wounded.
The azure jelly hits you. The azure jelly freezes you!! You resist.
* * * LOW HITPOINT WARNING * * *
The azure jelly misses you. The azure jelly hits you!
* * * LOW HITPOINT WARNING * * *
The azure jelly barely misses you.
Unknown command.
Casting: Lightning Bolt (safe; 2% risk of failure)
Confirm with . or Enter, or press ? or * to list all spells.
Aiming: Lightning Bolt (safe; 2% risk of failure)
Press: ? - help, Shift-Dir - straight line You hear a mighty clap of thunder!
The bolt of lightning hits the azure jelly.
The azure jelly resists.
The azure jelly is heavily wounded.
The bolt of lightning hits the azure jelly.
The azure jelly resists.
The azure jelly is severely wounded.
The bolt of lightning hits the slime creature.
The slime creature is heavily wounded.
The azure jelly closely misses you.
You riposte.
You hit the azure jelly. You freeze the azure jelly.
The azure jelly is severely wounded.
The azure jelly completely misses you. The azure jelly hits you.
* * * LOW HITPOINT WARNING * * *
The azure jelly hits you.
* * * LOW HITPOINT WARNING * * *
Unknown command.
Casting: Lightning Bolt (safe; 2% risk of failure)
Confirm with . or Enter, or press ? or * to list all spells.
Aiming: Lightning Bolt (safe; 2% risk of failure)
Press: ? - help, Shift-Dir - straight line You hear a mighty clap of thunder!
The bolt of lightning hits the slime creature.
You kill the slime creature!
Sif Muna accepts your kill. Sif Muna grants you divine energy.
You briefly lose access to your magic!
The azure jelly hits you.
* * * LOW HITPOINT WARNING * * *
The azure jelly freezes you! You resist.
* * * LOW HITPOINT WARNING * * *
The azure jelly hits you but does no damage.
The azure jelly completely misses you. The azure jelly barely misses you.
The azure jelly closely misses you.
You riposte.
You barely miss the azure jelly.
The azure jelly is severely wounded.
The azure jelly hits you!
* * * LOW HITPOINT WARNING * * *
The azure jelly freezes you!! You resist.
You die...

...........#....P....P..#..P# ##
.###...##.#........[.PP.##.##
.###...##...#.#.##.#....#..P#
.#.....P..P.######.#...P.P.##
..P..#......# #P..>#.....÷##
..PP.#..(...######.......#P#.###
..P##.......#..##..P....####...##
...P...........!.....<.#...#....#
...P...........P@.........#....##
#..............J.......P#...#..##
##....<..###.###P.....####.#..#.#
##..#..### ### ##.....######..###
.......# ##...#.##.#.#.###
.###.P.## #....!..#........ ##
###..# ##.........##P.P. # ####
#...........[.... #
#......P..P#.PP÷.


You could see an azure jelly.

Vanquished Creatures
  An orc warlord (Orc:1)
  2 very ugly things (D:12)
  2 stone giants
  A minotaur (Lab)
  The ghost of biddum the Bludgeoner, a journeyman MiFi of Okawaru (D:11)
  An ettin (Orc:2)
  Josephine (D:10)
  2 ogre magi (Orc:2)
  A hydra (Lair:3)
  9 two-headed ogres
  2 death yaks (Lair:2)
  2 tengu warriors (D:11)
  Urug (D:13)
  2 deep trolls (Orc:1)
  4 skeletal warriors (D:13)
  A glowing orange brain (shapeshifter) (D:12)
  2 glowing orange brains (D:12)
  2 orc knights (Orc:1)
  10 ugly things
  A manticore (D:12)
  2 cyclopes
  5 elephants
  Joseph (D:9)
  2 molten gargoyles (Volcano)
  2 black mambas
  2 gargoyles
  A torpor snail (Lair:2)
  6 spiny frogs
  A rime drake (Lair:3)
  An efreet (Volcano)
  6 komodo dragons
  2 ice devils (Lair:4)
  A merfolk (Lair:2)
  11 trolls
  A polar bear (Lair:2)
  3 hornets
  9 slime creatures
  7 blink frogs
  Prince Ribbit (D:8)
  A dream sheep (shapeshifter) (D:12)
  9 hippogriffs
  A shadow (D:13)
  A spriggan (D:7)
  A fire bat (Volcano)
  Eustachio (D:4)
  37 yaks
  A neqoxec (D:12)
  2 fire elementals (Volcano)
  5 wraiths
  A basilisk (Lair:4)
  A hungry ghost (D:12)
  8 vampire mosquitoes
  4 wargs
  2 porcupines (Lair:4)
  12 water moccasins
  3 sky beasts
  A necrophage (D:11)
  17 orc warriors
  3 ice beasts
  An eye of draining (D:12)
  33 ogres
  10 centaurs
  A phantom (D:6)
  11 wolves
  9 crocodiles
  8 big kobolds
  18 bullfrogs
  A wyvern zombie (D:13)
  2 earth elementals (Volcano)
  4 scorpions
  12 killer bees
  12 wights
  3 electric eels
  6 howler monkeys
  A jelly (D:10)
  4 crimson imps
  3 centaur zombies
  7 lava snakes (Volcano)
  A bullfrog zombie (D:12)
  A quasit (D:8)
  8 hounds
  14 orc priests
  3 centaur skeletons
  An iron imp (D:9)
  22 orc wizards
  2 bullfrog skeletons (D:12)
  4 iguanas
  7 hell rats (Lair:5)
  7 worker ants
  3 hound zombies
  2 worker ant zombies
  4 gnolls (D:6)
  A howler monkey skeleton (D:5)
  14 adders
  2 river rats (D:6)
  2 shadow imps
  An ooze (D:2)
  An adder zombie (D:8)
  6 worms
  A dart slug (D:3)
  5 leopard geckos
  70 orcs
  2 ball pythons (Lair:3)
  8 bats
  2 giant cockroaches
  7 goblins
  12 hobgoblins
  2 jackals (D:3)
  34 kobolds
  5 quokkas
  10 frilled lizards
  A jackal zombie (D:6)
  2 quokka skeletons
  12 rats
  A fungus (Lair:2)
649 creatures vanquished.

Vanquished Creatures (collateral kills)
  A two-headed ogre (Orc:2)
  An orc warrior (Orc:2)
  An orc wizard (Orc:2)
  An orc (Orc:2)
4 creatures vanquished.

Vanquished Creatures (others)
  A cyclops (Orc:2)
  A centaur (D:7)
  6 fungi
  4 plants
12 creatures vanquished.

Grand Total: 665 creatures vanquished

Notes
Turn   | Place    | Note
-------+----------+-------------------------------------------
     0 | D:1      | Amnesiac the Mummy Air Elementalist began the quest for the Orb.
     0 | D:1      | Reached XP level 1. HP: 13/13 MP: 4/4
   190 | D:4      | Noticed an ogre
   293 | D:3      | Reached XP level 2. HP: 11/19 MP: 1/5
   339 | D:3      | Learned a level 2 spell: Swiftness
   712 | D:3      | Reached XP level 3. HP: 20/24 MP: 1/7
   887 | D:4      | Noticed an ogre
   906 | D:4      | Killed an ogre
   906 | D:4      | Reached XP level 4. HP: 25/30 MP: 1/10
   914 | D:4      | Learned a level 4 spell: Airstrike
   987 | D:4      | Reached XP level 5. HP: 23/35 MP: 4/11
  1109 | D:5      | Entered Level 5 of the Dungeon
  1497 | D:4      | Killed an ogre
  1501 | D:4      | Reached XP level 6. HP: 39/41 MP: 0/13
  1508 | D:4      | Learned a level 5 spell: Lightning Bolt
  1796 | D:5      | Found a burning altar of Makhleb.
  1800 | D:5      | Noticed Eustachio
  1821 | D:4      | Killed Eustachio
  1821 | D:4      | Reached skill level 5 in Spellcasting
  1821 | D:4      | Reached skill level 5 in Air Magic
  2193 | D:5      | Found a staircase to the Ecumenical Temple.
  2197 | Temple   | Entered the Ecumenical Temple
  2627 | D:5      | Reached XP level 7. HP: 46/46 MP: 0/15
  2819 | D:5      | Found a glowing golden altar of the Shining One.
  2823 | D:5      | Found a shattered altar of Ashenzari.
  2824 | D:5      | Found a shimmering altar of Xom.
  2824 | D:5      | Found an ornate altar of the Wu Jian Council.
  2824 | D:5      | Found an ancient bone altar of Kikubaaqudgha.
  2824 | D:5      | Found a stormy altar of Qazlal.
  2825 | D:5      | Found a sacrificial altar of Ru.
  3158 | D:5      | Found a hide-covered altar of Uskayaw.
  3420 | D:6      | Reached XP level 8. HP: 52/52 MP: 4/18
  3757 | D:6      | Reached skill level 1 in Fighting
  3830 | D:6      | Found a glowing drain.
  3903 | Sewer    | Entered a sewer
  5164 | D:3      | Found a burning altar of Makhleb.
  5231 | D:3      | Found a radiant altar of Vehumet.
  6106 | D:6      | You fall through a shaft!
  6199 | D:7      | Reached XP level 9. HP: 60/64 MP: 2/20
  6337 | D:7      | Reached skill level 5 in Dodging
  6675 | D:7      | Found a deep blue altar of Sif Muna.
  6683 | D:7      | Became a worshipper of Sif Muna the Loreminder
  6853 | D:7      | Found a basalt altar of Yredelemnul.
  7519 | D:7      | Reached * piety under Sif Muna
  7748 | D:8      | Found a deep blue altar of Sif Muna.
  7767 | D:8      | Noticed a two-headed ogre
  7951 | D:8      | Reached XP level 10. HP: 60/72 MP: 0/22
  8180 | D:8      | Found Juxerodue's Magic Scroll Shop.
  8181 | D:8      | Found Wiptum's General Store.
  8228 | D:8      | Noticed Prince Ribbit
  8232 | D:8      | Killed Prince Ribbit
  8430 | D:8      | Reached ** piety under Sif Muna
  8553 | D:8      | Found a deep blue altar of Sif Muna.
  8598 | D:8      | Found Wiptum's General Store.
  8700 | D:8      | Killed a two-headed ogre
  8840 | D:8      | Found Juxerodue's Magic Scroll Shop.
  9168 | D:9      | Noticed Joseph
  9260 | D:9      | Noticed a gargoyle
  9279 | D:9      | Killed a gargoyle
  9279 | D:9      | Reached skill level 10 in Air Magic
  9446 | D:9      | Reached skill level 10 in Spellcasting
  9448 | D:9      | Reached *** piety under Sif Muna
  9563 | D:9      | Found a snail-covered altar of Cheibriados.
  9603 | D:9      | Noticed a two-headed ogre
  9622 | D:10     | Entered Level 10 of the Dungeon
  9939 | D:10     | Found Xakk's Book Shoppe.
 10047 | D:10     | Reached XP level 11. HP: 63/77 MP: 0/25
 10310 | D:10     | Reached **** piety under Sif Muna
 10409 | D:10     | Noticed Josephine
 10609 | D:10     | Found a runed door.
 10609 | D:10     | Found a glowing golden altar of the Shining One.
 10609 | D:10     | Noticed an angel
 10942 | D:9      | Killed a two-headed ogre
 11003 | D:9      | Found a blossoming altar of Fedhas.
 11387 | D:9      | Found a snail-covered altar of Cheibriados.
 11397 | D:9      | Found a blossoming altar of Fedhas.
 11472 | D:9      | Killed Joseph
 12003 | D:10     | Killed Josephine
 12206 | D:11     | Found a staircase to the Lair.
 12359 | D:11     | Noticed a green ugly thing
 12370 | D:11     | Killed a green ugly thing
 12370 | D:11     | Reached ***** piety under Sif Muna
 12401 | D:11     | Identified Sif Muna's Volume of Calling and Transmutation (Sif Muna gifted it to you on level 11 of the Dungeon)
 12401 | D:11     | Received a gift from Sif Muna
 12442 | D:11     | Reached skill level 1 in Invocations
 12470 | D:11     | Noticed a purple ugly thing
 12526 | D:11     | Killed a purple ugly thing
 12702 | D:11     | Noticed a tengu warrior
 12706 | D:11     | Killed a tengu warrior
 12762 | D:11     | Noticed a tengu warrior
 12766 | D:11     | Killed a tengu warrior
 13025 | D:11     | Reached XP level 12. HP: 83/83 MP: 18/28
 13346 | D:11     | Reached skill level 5 in Invocations
 13619 | D:12     | Found a runed gate.
 13621 | D:12     | Found a runed gate.
 13621 | D:12     | Found a runed gate.
 13621 | D:12     | Noticed a purple very ugly thing
 13621 | D:12     | Noticed a green very ugly thing
 14793 | D:12     | HP: 1/83 [slime creature (19)]
 14842 | D:11     | Learned a level 1 spell: Summon Butterflies
 15043 | D:12     | Noticed a two-headed ogre
 15078 | D:12     | Killed a two-headed ogre
 15474 | D:12     | Found a staircase to the Orcish Mines.
 16454 | D:12     | Killed a green very ugly thing
 16848 | D:13     | Noticed Rupert
 16901 | D:13     | Found a labyrinth entrance.
 16910 | Lab      | Entered a labyrinth
 17195 | Lab      | Noticed a minotaur
 17197 | Lab      | Identified Quammaj's Incunabulum of Illusion and the Traveller
 17201 | Lab      | Killed a minotaur
 17201 | Lab      | Gained mutation: You are in touch with the powers of death. [Mummy growth]
 17201 | Lab      | Reached XP level 13. HP: 72/88 MP: 13/30
 17207 | Lab      | Got a translucent longbow
 17225 | D:13     | Identified the +6 longbow of Xistac {flame, rPois MR- Str+9 Stlth+} (You found it in a labyrinth)
 17713 | D:12     | Killed a cyan very ugly thing
 17865 | D:12     | Found a runed gate.
 17865 | D:12     | Found a runed gate.
 17871 | D:12     | Found a runed gate.
 17875 | D:12     | Noticed biddum's ghost (journeyman MiFi)
 18164 | D:11     | Killed biddum's ghost
 18164 | D:11     | Received a gift from Sif Muna
 18173 | D:11     | Learned a level 6 spell: Deflect Missiles
 18178 | D:11     | Learned a level 4 spell: Summon Lightning Spire
 18870 | D:13     | Noticed Urug
 18882 | D:13     | Killed Urug
 19691 | Orc:1    | Entered Level 1 of the Orcish Mines
 19779 | Orc:1    | Found Zezoc's Antique Weapon Shop.
 20216 | Orc:1    | Found a bloodstained altar of Trog.
 20442 | Orc:2    | Entered Level 2 of the Orcish Mines
 20962 | Orc:2    | Found Aptir's Antique Weapon Shoppe.
 20962 | Orc:2    | Noticed an ettin
 21960 | Orc:2    | Reached skill level 5 in Fighting
 22103 | Orc:2    | Noticed a stone giant
 22821 | Orc:2    | Noticed an orc warlord
 22976 | Orc:2    | Killed an ettin
 22978 | Orc:2    | Reached XP level 14. HP: 99/99 MP: 3/32
 23119 | Orc:2    | Found Otaam's Food Shoppe.
 23562 | Orc:1    | Killed a stone giant
 23715 | Orc:2    | Found Xalydu Yquha's Book Boutique.
 23732 | Orc:2    | Found Nyskuble's Book Emporium.
 23754 | Orc:2    | Found a staircase to the Elven Halls.
 23774 | Orc:2    | Identified Sif Muna's Guide on Damaging Flight (Sif Muna gifted it to you on level 2 of the Orcish Mines)
 23774 | Orc:2    | Received a gift from Sif Muna
 23837 | Orc:1    | Killed an orc warlord
 24659 | Lair:1   | Entered Level 1 of the Lair of Beasts
 25911 | Lair:2   | Found a staircase to the Shoals.
 27665 | Lair:3   | Found a staircase to the Snake Pit.
 27985 | Lair:3   | Reached skill level 1 in Conjurations
 28606 | Lair:4   | Found a dark tunnel.
 28612 | Volcano  | Entered a volcano
 28844 | Volcano  | Found a bloodstained altar of Trog.
 29100 | Volcano  | Noticed a stone giant
 29105 | Volcano  | Killed a stone giant
 29137 | Volcano  | Got a translucent dagger
 29210 | Lair:4   | Found a frozen archway.
 29402 | Lair:4   | Reached skill level 5 in Conjurations
 29570 | Lair:4   | Identified the +7 dagger of Plog {pierce, rPois rF+ rC+} (You found it in a volcano)
 30430 | Lair:5   | Found a viscous altar of Jiyva.
 30430 | Lair:5   | Found a staircase to the Slime Pits.
 30592 | Lair:5   | Identified Sif Muna's Tome of the Freezing Traveller (Sif Muna gifted it to you on level 5 of the Lair of Beasts)
 30592 | Lair:5   | Received a gift from Sif Muna
 31093 | Lair:6   | Entered Level 6 of the Lair of Beasts
 31688 | Slime:1  | Entered Level 1 of the Pits of Slime
 31688 | Slime:1  | Noticed an azure jelly
 32046 | Lair:5   | HP: 2/105 [azure jelly (11)]
 32046 | Lair:5   | Demolished by an azure jelly

Vault maps used:
D:1:      minmay_arrival_loop, minmay_misc_feat_four_crosses
D:3:      lemuel_crystal_altar, lemuel_round_altar, first_ration,
          hangedman_decor_lopped
D:5:      marbit_many_paths, grunt_temple_overflow_open,
          minmay_temple_entry_grid, basic_altar, kennysheep_generic_room_7,
          uniq_eustachio
D:6:      lightli_sewer_entry_pipes, hangedman_decor_clover_reticule
D:7:      kennysheep_orc_sif_temple, yredelemnul_altar_generic, the_bakery
D:8:      minmay_goldmine, lemuel_crystal_altar, serial_shops,
          nicolae_shop_waterfront, shop, uniq_prince_ribbit1
D:9:      slow_altar_1, basic_altar, uniq_joseph
D:10:     serial_shops, nicolae_shop_waterfront, lemuel_angel_altar,
          uniq_josephine
D:11:     lair_entry_dummy, wad_mini_maze
D:12:     orc_0_dummy, ploomutoo_gammafunk_ghost_potion_laboratory
D:13:     lab_entry_generic, uniq_urug, uniq_rupert
D:14:     grunt_vaults_entry_tiered, kennysheep_generic_room_11, uniq_kirke,
          uniq_roxanne
Temple:   compressed_dpeg_triangle_lava_temple
Lair:1:   serial_bayou_shore_b, serial_bayou_shore_a, grunt_megastairs_1
Lair:2:   elwin_shoals_entry_rooms
Lair:3:   minmay_snake_entry_six_corridors, grunt_megastairs_5
Lair:4:   portal_ice_cave_demonic_guard, nicolae_volcano_entry_s_turn
Lair:5:   slime_altar_1
Lair:6:   gammafunk_lair_ancient_temple, ebering_ghost_inner_flame
Orc:1:    serial_shops, shop, trog_hazing_becter
Orc:2:    st_orc_open
Lab:      labyrinth_hidden_loot, lab_hedge, nicolae_lab_diamond,
          nicolae_lab_plus, nicolae_lab_garden, nicolae_lab_big_swirl,
          labyrinth_skeletal_remains, nicolae_lab_arrow, nicolae_lab_grate
Sewer:    kennysheep_pipe_town
Volcano:  volcano_lake

Skill      XL: |  1  2  3  4  5  6  7  8  9 10 11 12 13 14 |
---------------+-------------------------------------------+-----
Spellcasting   | 3 4 5 7 8 10 12 13 14 | 14.0
Air Magic      | 3 4 5 6 7 8 10 12 13 14 | 14.1
Fighting       | 3 4 5 8 |  8.0
Dodging        | 4 5 7 9 |  9.2
Invocations    | 4 8 |  8.0
Conjurations   | 6 |  6.3
Stealth        | |  1.5

Action                   |  1- 3 |  4- 6 |  7- 9 | 10-12 | 13-15 || total
-------------------------+-------+-------+-------+-------+-------++-------
Melee: Short sword       |     1 |     2 |       |       |       ||     3
       Falchion          |       |     5 |    37 |       |       ||    42
       Great sword       |       |       |    11 |       |       ||    11
       Scimitar          |       |       |    27 |   102 |   155 ||   284
 Cast: Shock             |    44 |    62 |   281 |     1 |       ||   388
       Airstrike         |       |    11 |    71 |   460 |   537 ||  1079
       Lightning Bolt    |       |       |       |    26 |   153 ||   179
       Summon Butterflie |       |       |       |     2 |     1 ||     3
       Swiftness         |       |       |       |     1 |       ||     1
       Deflect Missiles  |       |       |       |       |     1 ||     1
       Summon Lightning  |       |       |       |       |     1 ||     1
Invok: Divine Energy     |       |       |     1 |       |       ||     1
Evoke: Wand              |       |       |       |     2 |     2 ||     4
  Use: Scroll            |       |     5 |     8 |     9 |    12 ||    34
 Stab: Sleeping          |       |       |     1 |       |       ||     1
       Distracted        |       |       |       |       |     1 ||     1
Armor: Robe              |     3 |    18 |    34 |    40 |       ||    95
       Troll leather arm |       |       |       |     7 |    92 ||    99
       Leather armour    |       |       |       |       |    31 ||    31
Dodge: Dodged            |    14 |    38 |   140 |   196 |   446 ||   834
       Deflected         |       |       |       |       |    11 ||    11
Block: Other             |     5 |    16 |    40 |    45 |    85 ||   191
       Reflection        |       |       |     3 |     2 |     3 ||     8
       Rpst.: Falchion   |       |     8 |    18 |       |       ||    26
       Great sword       |       |       |    12 |       |       ||    12
       Scimitar          |       |       |     6 |    53 |   103 ||   162

Table legend:
 A = Spawn XP
 B = Non-spawn XP
 C = Spawn XP percentage of total XP
 D = Spawn monster count
 E = Non-spawn monster count
 F = Spawn count percentage of total count
 G = Total turns spent on level
                    A         B        C        D         E        F      G
               +---------+---------+-------+---------+---------+-------+---------
         Total |       0 |  102569 |   0.0 |       0 |     654 |   0.0 | 32046
               +---------+---------+-------+---------+---------+-------+---------
           D:1 |       0 |       2 |   0.0 |       0 |       1 |   0.0 |    44
           D:2 |       0 |      63 |   0.0 |       0 |      24 |   0.0 |   617
           D:3 |       0 |     108 |   0.0 |       0 |      29 |   0.0 |  1232
           D:4 |       0 |     539 |   0.0 |       0 |      17 |   0.0 |  1476
           D:5 |       0 |     765 |   0.0 |       0 |      22 |   0.0 |  1160
           D:6 |       0 |     762 |   0.0 |       0 |      24 |   0.0 |  1006
           D:7 |       0 |    2249 |   0.0 |       0 |      37 |   0.0 |  1623
           D:8 |       0 |    2323 |   0.0 |       0 |      39 |   0.0 |  1273
           D:9 |       0 |    5313 |   0.0 |       0 |      38 |   0.0 |  1613
          D:10 |       0 |    4222 |   0.0 |       0 |      39 |   0.0 |  1422
          D:11 |       0 |    8239 |   0.0 |       0 |      39 |   0.0 |  2715
          D:12 |       0 |   16787 |   0.0 |       0 |      54 |   0.0 |  3221
          D:13 |       0 |    6347 |   0.0 |       0 |      30 |   0.0 |  1282
          D:14 |       0 |     103 |   0.0 |       0 |       1 |   0.0 |   169
        Temple |       0 |       1 |   0.0 |       0 |       1 |   0.0 |   219
        Lair:1 |       0 |    2077 |   0.0 |       0 |      11 |   0.0 |  1068
        Lair:2 |       0 |    6557 |   0.0 |       0 |      25 |   0.0 |  1536
        Lair:3 |       0 |    5495 |   0.0 |       0 |      28 |   0.0 |  1323
        Lair:4 |       0 |    5339 |   0.0 |       0 |      18 |   0.0 |  1521
        Lair:5 |       0 |    4442 |   0.0 |       0 |      29 |   0.0 |  1355
        Lair:6 |       0 |    1504 |   0.0 |       0 |       6 |   0.0 |    32
         Orc:1 |       0 |   16133 |   0.0 |       0 |      59 |   0.0 |  3973
         Orc:2 |       0 |    7806 |   0.0 |       0 |      42 |   0.0 |   948
           Lab |       0 |    1208 |   0.0 |       0 |       1 |   0.0 |   314
         Sewer |       0 |     423 |   0.0 |       0 |      24 |   0.0 |   352
       Volcano |       0 |    3762 |   0.0 |       0 |      16 |   0.0 |   549
               +---------+---------+-------+---------+---------+-------+---------
